 Dungeon Crawl Stone Soup version 0.25-a0-549-g6e6e6501ad (webtiles) character file.

Game seed: 2219363491842413051, levelgen mode: deterministic

1031 Eurus the Magician (level 8, -6/60 HPs)
             Began as a Mummy Conjurer on Feb 23, 2020.
             Was a Follower of Vehumet.
             Mangled by an orc warrior
             ... wielding a +4 flail
              (25 damage)
             ... on level 6 of the Dungeon.
             The game lasted 00:16:43 (8019 turns).

Eurus the Magician (Mummy Conjurer)                 Turns: 8019, Time: 00:16:43

Health: -6/60      AC:  3    Str: 14    XL:     8   Next: 3%
Magic:  2/16       EV: 12    Int: 16    God:    Vehumet [*.....]
Gold:   165        SH:  0    Dex: 12    Spells: 7/18 levels left

rFire    x . .     SeeInvis .   d - +5 flail
rCold    + . .     Gourm    .   (no shield)
rNeg     + + +     Faith    .   a - +0 robe
rPois    ∞         Spirit   .   (no helmet)
rElec    .         Reflect  .   k - +0 cloak
rCorr    .         Harm     .   (no gloves)
MR       +....                  (no boots)
Stlth    ++........             (no amulet)
HPRegen  0.20/turn              h - +2 ring of strength
MPRegen  0.15/turn              (no ring)

@: no status effects
A: no food or potions, fire vulnerability, cold resistance 1, negative energy
resistance 3, torment resistance, unbreathing
a: Renounce Religion


You were on level 6 of the Dungeon.
You worshipped Vehumet.
Vehumet was aware of your devotion.
You were not hungry.

You visited 2 branches of the dungeon, and saw 7 of its levels.

You collected 165 gold pieces.

Inventory:

Hand Weapons
 d - a +5 flail (weapon)
 i - a +1 short sword of venom
Armour
 a - a +0 robe (worn)
 k - a +0 cloak (worn)
Jewellery
 e - an uncursed ring of ice {unknown}
 h - a +2 ring of strength (left hand)
Wands
 f - a wand of acid (7)
Scrolls
 b - a scroll of teleportation
 c - a scroll of amnesia
 g - 6 scrolls of identify
 j - 3 scrolls of remove curse


   Skills:
 + Level 4.1 Fighting
 + Level 2.3 Armour
 - Level 1.5 Dodging
 - Level 1.5 Stealth
 + Level 5.8 Spellcasting
 + Level 5.5 Conjurations
 + Level 2.3 Translocations


You had 7 spell levels left.
You knew the following spells:

 Your Spells              Type           Power        Failure   Level  Hunger
a - Magic Dart            Conj           ###.         1%          1    N/A
b - Searing Ray           Conj           ###...       2%          2    N/A
c - Iskenderun's Mystic   Conj/Tloc      ###.....     28%         4    N/A
d - Gell's Gravitas       Tloc           ##........   16%         3    N/A
e - Shock                 Conj/Air       ##..         4%          1    N/A

Your spell library contained the following spells:

 Spells                   Type           Power        Failure   Level  Hunger
 Dazzling Flash           Conj/Hex       ##....       14%         3    N/A
 Confusing Touch          Hex            #.......     38%         3    N/A
 Fulminant Prism          Conj/Hex       ##........   41%         4    N/A
 Petrify                  Tmut/Erth      #.......     80%         4    N/A
 Metabolic Englaciation   Hex/Ice        #.........   98%         5    N/A
 Yara's Violent Unravell  Hex/Tmut       #.........   98%         5    N/A

Dungeon Overview and Level Annotations

Branches:
Dungeon (6/15)             Temple (1/1) D:4

Altars:
Ashenzari
Cheibriados
Dithmenos
Elyvilon
Fedhas
Gozag
Hepliaklqana
Makhleb
Nemelex Xobeh
Okawaru
Qazlal
Ru
Sif Muna
Trog
Uskayaw
Vehumet
Wu Jian
Xom
Yredelemnul
Zin
The Shining One

Annotations:
D:5 exclusion: centaur
D:6 1 exclusion


Innate Abilities, Weirdness & Mutations

You do not eat or drink.
Your flesh is vulnerable to fire.
You are immune to poison.
Your flesh is cold resistant. (rC+)
You are immune to negative energy. (rN+++)
You are immune to unholy pain and torment.
You can survive without breathing.


Message History

The orc warrior is moderately wounded.
You finish channeling your searing ray.
The orc warrior hits you with a +4 flail!!
Casting: Searing Ray (safe; 2% risk of failure)
Confirm with . or Enter, or press ? or * to list all spells.
Aiming: Searing Ray (safe; 2% risk of failure)
Press: ? - help, Shift-Dir - straight line, f/p - orc warrior
Aim: an orc warrior, wielding a +4 flail and wearing a +0 chain mail (moderately wounded)
The searing ray hits the orc warrior!
The orc warrior is heavily wounded. (Press . to maintain the ray.)
The searing ray hits the orc warrior.
The orc warrior is severely wounded.
The orc warrior closely misses you.
The searing ray hits the orc warrior.
The orc warrior is severely wounded.
The orc warrior hits you with a +4 flail!!
The searing ray misses the orc warrior.
You finish channeling your searing ray.
The orc warrior hits you with a +4 flail!!
You die...

#........#
#.# #.#
...........#
#.# #.#
##.........#
#.# #.#
#.........#
#.# #.#
....########
#.# #.# ....
#.# #.# #[#
#.# #o# #.#
#@# #.# #.#
... #.# p..
#.# #.# #.
#.#
######.##
#.#
........#
#.#
........##
#.#


You could see an orc warrior.

Vanquished Creatures
  3 ice beasts
  An ogre (D:6)
  A scorpion (D:5)
  A crimson imp (D:5)
  2 orc priests
  A hound (D:6)
  3 orc wizards
  3 iguanas
  4 worker ants
  7 gnolls
  A howler monkey skeleton (D:4)
  5 adders
  A shadow imp (D:5)
  3 worms (D:3)
  3 dart slugs
  6 leopard geckos
  9 orcs
  4 bats
  4 giant cockroaches
  9 goblins
  5 hobgoblins
  3 jackals (D:1)
  4 kobolds
  4 quokkas
  A ball python (D:2)
  A frilled lizard (D:4)
  6 rats
95 creatures vanquished.

Notes
Turn   | Place    | Note
-------+----------+-------------------------------------------
     0 | D:1      | Eurus the Mummy Conjurer began the quest for the Orb.
     0 | D:1      | Reached XP level 1. HP: 13/13 MP: 4/4
   454 | D:1      | Reached XP level 2. HP: 20/20 MP: 3/5
   995 | D:1      | Reached skill level 1 in Fighting
  1082 | D:1      | Learned a level 2 spell: Searing Ray
  1277 | D:2      | Reached XP level 3. HP: 26/26 MP: 3/7
  1843 | D:2      | Reached XP level 4. HP: 32/32 MP: 1/9
  2779 | D:3      | Reached XP level 5. HP: 22/38 MP: 1/11
  3476 | D:3      | Noticed an ice beast
  4629 | D:4      | Reached XP level 6. HP: 46/46 MP: 8/12
  4635 | D:4      | Learned a level 4 spell: Iskenderun's Mystic Blast
  4670 | D:4      | Found a staircase to the Ecumenical Temple.
  4695 | Temple   | Entered the Ecumenical Temple
  5032 | Temple   | Became a worshipper of Vehumet
  5181 | D:4      | Reached skill level 5 in Conjurations
  5621 | D:5      | Entered Level 5 of the Dungeon
  6084 | D:5      | Reached skill level 1 in Armour
  6084 | D:5      | Reached skill level 1 in Translocations
  6178 | D:5      | Learned a level 3 spell: Gell's Gravitas
  6856 | D:5      | Reached XP level 7. HP: 47/52 MP: 10/14
  7102 | D:5      | Reached skill level 5 in Spellcasting
  7862 | D:6      | Reached XP level 8. HP: 60/60 MP: 8/16
  7977 | D:6      | Reached * piety under Vehumet
  7977 | D:6      | Offered knowledge of Shock by Vehumet.
  7987 | D:6      | Learned a level 1 spell: Shock
  8019 | D:6      | Mangled by an orc warrior

Levels and vault maps discovered:
D:1:      minmay_arrival_four_loops, layout_basic
D:2:      layout_basic
D:3:      layout_loops_corners
D:4:      layout_loops_ring, minmay_temple_entry_glass, first_ration
D:5:      layout_basic
D:6:      layout_basic, minmay_misc_feat_diagonals, uniq_pikel
Temple:   compressed_dpeg_triangle_lava_temple

Skill      XL: |  1  2  3  4  5  6  7 |
---------------+----------------------+-----
Spellcasting   | 3 4 5 |  5.8
Fighting       | 1 2 3 4 |  4.1
Conjurations   | 4 5 |  5.5
Armour         | 1 2 |  2.3
Translocations | 1 2 |  2.3
Dodging        | |  1.5
Stealth        | |  1.5

Action                   |  1- 3 |  4- 6 |  7- 9 || total
-------------------------+-------+-------+-------++-------
Melee: Unarmed           |     9 |       |       ||     9
       Short sword       |    27 |       |       ||    27
       Flail             |       |    59 |     4 ||    63
 Cast: Magic Dart        |    45 |    20 |     1 ||    66
       Searing Ray       |     3 |    26 |    18 ||    47
  Use: Scroll            |       |     6 |     1 ||     7
 Stab: Sleeping          |       |     1 |       ||     1
Armor: Robe              |     9 |    19 |     5 ||    33
Dodge: Dodged            |    34 |    55 |    18 ||   107

Table legend:
 A = Non-vault XP
 B = Vault XP
 C = Vault XP percentage of total XP
 D = Non-vault monster count
 E = Vault monster count
 F = Vault count percentage of total count
                 A         B        C        D         E       F
            +---------+---------+-------+---------+---------+-------
      Total |    1474 |       0 |   0.0 |      95 |       0 |   0.0
            +---------+---------+-------+---------+---------+-------
        D:1 |      32 |       0 |   0.0 |      14 |       0 |   0.0
        D:2 |      91 |       0 |   0.0 |      21 |       0 |   0.0
        D:3 |     288 |       0 |   0.0 |      23 |       0 |   0.0
        D:4 |     285 |       0 |   0.0 |      14 |       0 |   0.0
        D:5 |     264 |       0 |   0.0 |      13 |       0 |   0.0
        D:6 |     514 |       0 |   0.0 |      10 |       0 |   0.0
            +---------+---------+-------+---------+---------+-------
